 Dungeon Crawl Stone Soup version 0.19.5 (webtiles) character file.

1785 Jimbable the Spear-Bearer (level 9, -13/71 HPs)
             Began as a Merfolk Gladiator on Apr 26, 2017.
             Was a High Priest of Zin.
             Mangled by an orc warrior
             ... wielding a +0 dire flail
              (14 damage)
             ... on level 6 of the Dungeon.
             The game lasted 00:39:10 (6846 turns).

Jimbable the Spear-Bearer (Merfolk Gladiator)       Turns: 6846, Time: 00:39:10

Health: -13/71     AC:  9    Str: 16    XL:     9   Next: 8%
Magic:  7/9        EV: 17    Int:  8    God:    Zin [*****.]
Gold:   448        SH:  4    Dex: 19    Spells: 0 memorised, 8 levels left

rFire  x . .     SeeInvis .     a - +0 trident
rCold  + . .     Gourm    .     b - +0 leather armour
rNeg   . . .     Faith    .     (no shield)
rPois  ∞         Spirit   .     c - +0 helmet
rElec  .         Reflect  +     r - +0 cloak
rCorr  .         Harm     .     v - +0 pair of gloves
MR     .....                    K - +2 pair of boots
Stlth  ++........               j - +4 amulet of reflection
                                (no ring)
                                q - ring of ice

@: vitalised
A: change form in water, swift swim, stealthy swim
a: Recite, Vitalisation, Imprison, Sanctuary, Donate Gold, Renounce Religion


You were on level 6 of the Dungeon.
You worshipped Zin.
Zin was extremely pleased with you.
You were full.

You visited 2 branches of the dungeon, and saw 7 of its levels.

You collected 497 gold pieces.
You donated 49 gold pieces to Zin.

Inventory:

Hand Weapons
 a - a +0 trident (weapon)
 F - the +0 morningstar of Edyhog {freeze, Stlth+}
   (You found it on level 4 of the Dungeon)

   It has been specially enchanted to freeze those struck by it, causing extra
   injury to most foes and up to half again as much damage against particularly
   susceptible opponents.
   It can also slow down cold-blooded creatures.
   It makes you more stealthy.
 G - a +0 halberd
 O - a +6 dire flail of draining
Missiles
 d - a throwing net (quivered)
 i - 3 tomahawks
Armour
 b - a +0 leather armour (worn)
 c - a +0 helmet (worn)
 e - a +0 ring mail
 r - a +0 cloak (worn)
 v - a +0 pair of gloves (worn)
 K - a +2 pair of boots (worn)
 R - a +0 robe
Jewellery
 j - a +4 amulet of reflection (around neck)
 q - a ring of ice (left hand)
 z - a -2 ring of dexterity
 M - a +4 amulet of reflection
Wands
 D - a wand of polymorph (11/24)
 J - a wand of slowing (38/48)
 N - a wand of flame (5/48)
Scrolls
 g - 8 scrolls of identify
 h - 4 scrolls of magic mapping
 k - 2 scrolls of teleportation {unknown}
 l - a scroll of fear {unknown}
 n - a scroll of enchant armour {unknown}
 p - 2 scrolls of recharging {unknown}
 w - 4 scrolls of amnesia {unknown}
 y - 2 scrolls of blinking {unknown}
 C - 2 scrolls of noise {unknown}
 P - a scroll of vulnerability {unknown}
 Q - a scroll of remove curse
Potions
 f - 2 potions of agility {unknown}
 m - a potion of cancellation {unknown}
 o - 2 potions of curing
 t - 3 potions of might {unknown}
 u - a potion of heal wounds {unknown}
 A - 2 potions of brilliance {unknown}
 L - a potion of haste {unknown}
Books
 x - a book of Necromancy

   Spells                             Type                      Level
   a - Pain                           Necromancy                   1
   b - Animate Skeleton               Necromancy                   1
   c - Vampiric Draining              Necromancy                   3
   d - Regeneration                   Charms/Necromancy            3
   e - Animate Dead                   Necromancy                   4
   f - Control Undead                 Necromancy                   4
   Zin disapproves of the use of such an item.
 I - a book of Conjurations

   Spells                             Type                      Level
   a - Magic Dart                     Conjuration                  1
   b - Searing Ray                    Conjuration                  2
   c - Dazzling Spray                 Conjuration/Hexes            3
   d - Fulminant Prism                Conjuration/Hexes            4
   e - Iskenderun's Mystic Blast      Conjuration                  4
   f - Iskenderun's Battlesphere      Conjuration/Charms           5
 S - a book of Changes

   Spells                             Type                      Level
   a - Beastly Appendage              Transmutation                1
   b - Sticks to Snakes               Transmutation                2
   c - Spider Form                    Transmutation/Poison         3
   d - Ice Form                       Ice/Transmutation            4
   e - Blade Hands                    Transmutation                5
Comestibles
 s - a meat ration
 B - 4 bread rations
 E - 6 fruits
 H - a royal jelly


   Skills:
 * Level 6.9 Fighting
 + Level 12.0 Polearms
 + Level 3.3 Throwing
 + Level 6.8 Dodging
 - Level 0.2 Stealth
 - Level 1.0 Invocations


You had 8 spell levels left.
You didn't know any spells.

Dungeon Overview and Level Annotations

Branches:
Dungeon (6/15)             Temple (1/1) D:4

Altars:
Ashenzari
Cheibriados
Dithmenos
Fedhas
Gozag
Hepliaklqana
Kikubaaqudgha
Makhleb
Nemelex Xobeh
Qazlal
Ru
Sif Muna
Vehumet
Yredelemnul
Zin
The Shining One


Message History

Press: ? - help, Dir - move target cursor, f/p - orc warrior
Aim: an orc warrior, wielding a dire flail and wearing a plate armour (severely wounded)
You closely miss the orc warrior.
The orc warrior is severely wounded.
Attack whom?
Press: ? - help, Dir - move target cursor, f/p - orc warrior
Aim: an orc warrior, wielding a dire flail and wearing a plate armour (severely wounded)
You hit the orc warrior but do no damage.
The orc warrior is severely wounded.
You block the orc warrior's attack.
Attack whom?
Press: ? - help, Dir - move target cursor, f/p - orc warrior
Aim: an orc warrior, wielding a dire flail and wearing a plate armour (severely wounded)
You hit the orc warrior but do no damage.
The orc warrior is severely wounded.
The orc warrior hits you with a dire flail!!
* * * LOW HITPOINT WARNING * * *
Zin grants you divine stamina.
The orc warrior hits you with a dire flail!
You die...

......†)..........##....##.######
.....)##.####.<....#.............
......##.<.##.###.....##..#.#####
.##...####....# #......#.....# #
.###.....###..# #..##.....##.####
.###..##.....####...#......#.....
..##....###...##oo....###.....##.
........###....#o#......#......#.
###....(.##..#.#@#..##..#..##....
######...)...#...#...#......#....
...####........>###.....##....###
#.....##.#.......##......#....#
#.....##.#.......#...##....####
......##..##>.........#....#
........#..##.....(......###
..#####.##.##......##....# ..#
#..#..#...#.###....#


You could see an orc warrior and 2 orcs.

Vanquished Creatures
  Grinder (D:4)
  Menkaure (D:6)
  Edmund (D:6)
  An orc warrior (D:6)
  A sky beast (D:5)
  A phantom (D:5)
  2 ogres (D:4)
  A bullfrog (D:6)
  A scorpion (D:4)
  A howler monkey (D:6)
  A crimson imp (D:5)
  A quasit (D:6)
  An orc priest (D:5)
  2 hounds
  An iron imp (D:4)
  A jelly (D:5)
  2 bullfrog skeletons
  2 centaur skeletons
  A gnoll shaman (D:6)
  An iguana (D:4)
  2 orc wizards (D:6)
  5 worker ants
  A hound skeleton (D:6)
  4 gnolls (D:6)
  6 adders
  2 shadow imps
  A white imp (D:5)
  An adder skeleton (D:4)
  4 worms
  3 dart slugs
  3 leopard geckos
  9 orcs
  7 giant cockroaches
  2 goblins
  10 hobgoblins
  7 jackals
  7 kobolds
  2 quokkas
  A ball python (D:3)
  6 bats
  4 frilled lizards
  2 rats
113 creatures vanquished.

Vanquished Creatures (others)
  A rat (D:2)
1 creature vanquished.

Grand Total: 114 creatures vanquished

Notes
Turn   | Place    | Note
-------+----------+-------------------------------------------
     0 | D:1      | Jimbable the Merfolk Gladiator began the quest for the Orb.
     0 | D:1      | Reached XP level 1. HP: 16/16 MP: 1/1
   327 | D:1      | Reached XP level 2. HP: 22/22 MP: 2/2
   654 | D:2      | Reached skill level 5 in Polearms
   699 | D:2      | Reached XP level 3. HP: 26/27 MP: 3/3
  1009 | D:2      | Found a radiant altar of Vehumet.
  1017 | D:2      | Reached skill level 6 in Polearms
  1204 | D:2      | Reached XP level 4. HP: 14/33 MP: 4/4
  1473 | D:2      | Reached skill level 5 in Dodging
  1945 | D:3      | Found a snail-covered altar of Cheibriados.
  2544 | D:3      | Found a faded altar of an unknown god.
  2564 | D:3      | Became a worshipper of Zin the Law-Giver
  2564 | D:3      | Reached * piety under Zin
  2564 | D:3      | Reached ** piety under Zin
  2588 | D:3      | Reached skill level 7 in Polearms
  2732 | D:4      | Reached XP level 5. HP: 20/39 MP: 5/5
  2973 | D:4      | Noticed an ogre
  2996 | D:4      | Killed an ogre
  2996 | D:4      | Reached skill level 8 in Polearms
  3052 | D:4      | Noticed an ogre
  3063 | D:4      | Killed an ogre
  3063 | D:4      | Reached XP level 6. HP: 27/46 MP: 6/6
  3294 | D:4      | Found a staircase to the Ecumenical Temple.
  3307 | Temple   | Entered the Ecumenical Temple
  3557 | D:4      | Found a shattered altar of Ashenzari.
  3564 | D:4      | Reached *** piety under Zin
  3672 | D:4      | Noticed Grinder
  3676 | D:4      | Paralysed by Grinder for 5 turns
  3688 | D:4      | Paralysed by Grinder for 2 turns
  3711 | D:4      | Killed Grinder
  3711 | D:4      | Reached skill level 9 in Polearms
  3711 | D:4      | Reached XP level 7. HP: 32/53 MP: 7/7
  3932 | D:4      | Found a burning altar of Makhleb.
  3994 | D:4      | Got a fine morningstar
  3996 | D:4      | Identified the cursed +0 morningstar of Edyhog {freeze, Stlth+} (You found it on level 4 of the Dungeon)
  4529 | D:5      | Entered Level 5 of the Dungeon
  4868 | D:5      | Reached **** piety under Zin
  5242 | D:5      | Reached skill level 10 in Polearms
  5242 | D:5      | Reached skill level 1 in Invocations
  5242 | D:5      | Reached XP level 8. HP: 58/61 MP: 8/8
  5271 | D:5      | Reached skill level 5 in Fighting
  5288 | D:5      | Found a shattered altar of Ashenzari.
  5885 | D:6      | Found a stormy altar of Qazlal.
  5889 | D:6      | Found a glowing silver altar of Zin.
  5925 | D:6      | Noticed Edmund
  6145 | D:6      | Killed Edmund
  6145 | D:6      | Reached skill level 11 in Polearms
  6289 | D:6      | Reached XP level 9. HP: 63/71 MP: 9/9
  6306 | D:6      | Found a blossoming altar of Fedhas.
  6447 | D:6      | Noticed Menkaure
  6456 | D:6      | Killed Menkaure
  6456 | D:6      | Reached skill level 12 in Polearms
  6738 | D:6      | Reached ***** piety under Zin
  6845 | D:6      | HP: 1/71 [orc warrior/dire flail (25)]
  6846 | D:6      | Mangled by an orc warrior

Skill      XL: |  1  2  3  4  5  6  7  8  9 |
---------------+----------------------------+-----
Polearms       | 5 6 7 8 9 10 11 12 | 12.0
Dodging        | 5 6 |  6.8
Fighting       | 3 4 6 |  6.9
Throwing       | 3 |  3.3
Invocations    | 1 |  1.0
Stealth        | |  0.2

Action                   |  1- 3 |  4- 6 |  7- 9 || total
-------------------------+-------+-------+-------++-------
Melee: Trident           |    88 |   133 |   249 ||   470
       Tailslap          |       |       |     2 ||     2
       Halberd           |       |       |    90 ||    90
Throw: Tomahawk          |     9 |    41 |     3 ||    53
       Throwing net      |       |     1 |     2 ||     3
Invok: Recite            |       |     1 |       ||     1
       Imprison          |       |       |     2 ||     2
       Vitalisation      |       |       |     1 ||     1
  Use: Scroll            |     3 |       |     2 ||     5
       Potion            |       |       |     3 ||     3
 Stab: Sleeping          |     2 |       |     2 ||     4
       Held in net/web   |       |       |     1 ||     1
  Eat: Bread ration      |     1 |     1 |       ||     2
       Beef jerky        |       |     1 |     1 ||     2
       Meat ration       |       |       |     2 ||     2
       Pizza             |       |       |     1 ||     1
Armor: Leather armour    |    12 |    18 |    65 ||    95
Dodge: Dodged            |    56 |    68 |   167 ||   291
Block: Other             |       |       |    23 ||    23
       Reflection        |       |       |     1 ||     1
